 Dungeon Crawl Stone Soup version 0.22-a0-571-g4a923d4 (webtiles) character file.

38 kae the Insei (level 3, 0/26 HPs)
             Began as a Demonspawn Transmuter on July 1, 2018.
             Slain by Robin
             ... wielding a +0 spear
              (3 damage)
             ... on level 2 of the Dungeon.
             The game lasted 00:01:17 (1529 turns).

kae the Insei (Demonspawn Transmuter)               Turns: 1529, Time: 00:01:18

Health: 0/26       AC:  2    Str: 10    XL:     3   Next: 25%
Magic:  6/6        EV: 17    Int: 14    God:
Gold:   90         SH:  4    Dex: 19    Spells: 3/6 levels left

rFire    . . .     SeeInvis .   n - +0 war axe
rCold    . . .     Gourm    .   g - +0 buckler
rNeg     . . .     Faith    .   b - +0 robe
rPois    .         Spirit   .   (no helmet)
rElec    .         Reflect  .   (no cloak)
rCorr    .         Harm     .   (no gloves)
MR       .....                  (no boots)
Stlth    +++.......             (no amulet)
HPRegen  0.08/turn              (no ring)
MPRegen  0.10/turn              (no ring)

@: agile
A: claws 1, powered by death 1
a: no special abilities


You were on level 2 of the Dungeon.
You were very hungry.

You visited 1 branch of the dungeon, and saw 2 of its levels.

You collected 90 gold pieces.

Inventory:

Hand Weapons
 n - a +0 war axe (weapon)
Missiles
 a - 9 arrows
Armour
 b - a +0 robe (worn)
 g - a +0 buckler (worn)
Wands
 p - a wand of digging (18)
Scrolls
 f - a scroll of amnesia {unknown}
 i - a scroll of identify {unknown}
 j - 4 scrolls of teleportation {unknown}
 k - 2 scrolls of enchant armour {unknown}
 l - a scroll of immolation {unknown}
 o - a scroll of remove curse {unknown}
Potions
 c - a potion of agility
 e - 2 potions of heal wounds {unknown}
 h - 2 potions of might {unknown}
 m - a potion of mutation {unknown}
Comestibles
 d - 3 rations


   Skills:
 + Level 1.5 Fighting
 - Level 1.7 Dodging
 + Level 0.3 Shields
 * Level 3.2 Unarmed Combat
 + Level 2.2 Spellcasting
 * Level 2.3 Transmutations


You had 3 spell levels left.
You knew the following spells:

 Your Spells              Type           Power        Failure   Level  Hunger
a - Beastly Appendage     Tmut           #.....       14%         1    #......
b - Sticks to Snakes      Tmut           #.......     22%         2    ###....

Your spell library contained the following spells:

 Spells                   Type           Power        Failure   Level  Hunger
 Spider Form              Tmut/Pois      #.........   56%         3    ###....
 Blade Hands              Tmut           #.........   98%         5    ######.
 Ice Form                 Ice/Tmut       #.......     92%         4    #####..


Dungeon Overview and Level Annotations

Branches:
Dungeon (2/15)

Altars:

Annotations:
D:2 Robin


Innate Abilities, Weirdness & Mutations

You have sharp fingernails.
You regenerate a little health from kills.


Message History

You barely miss the goblin. You block the goblin's attack. x2
The goblin misses you. The goblin closely misses you.
You closely miss the goblin.
The goblin is heavily wounded.
You hit the goblin.
You kill the goblin!
A hobgoblin comes into view.
Robin barely misses you. The goblin misses you.
You miss the goblin.
The goblin is heavily wounded.
You block Robin's attack. The goblin hits you.
* * * LOW HITPOINT WARNING * * *
The hobgoblin hits you.
* * * LOW HITPOINT WARNING * * *
The goblin misses you. Robin barely misses you.
You hit the goblin but do no damage.
The goblin is heavily wounded.
You hit the hobgoblin but do no damage. The hobgoblin closely misses you.
Robin hits you from afar with a spear.
You die...

##
#..#
.####
##.#
....#
#.##
.##.#
#..#
###.#
##.#
...<#
#.#
#####
#.# #
#g# #
#@# #
#g#
######


#gg.g.gg# .....# #.#####g# ####.# #.# #.# #.. # #.# #.# # #.# #.# ####.# #.# You
could see Robin, 2 hobgoblins and a goblin.

Vanquished Creatures
  An adder (D:2)
  2 dart slugs (D:1)
  6 bats (D:1)
  5 hobgoblins
  4 frilled lizards (D:1)
  4 goblins
  A kobold (D:1)
  6 rats
29 creatures vanquished.

Vanquished Creatures (collateral kills)
  A bat (D:1)
1 creature vanquished.

Grand Total: 30 creatures vanquished

Notes
Turn   | Place    | Note
-------+----------+-------------------------------------------
     0 | D:1      | kae the Demonspawn Transmuter began the quest for the Orb.
     0 | D:1      | Reached XP level 1. HP: 15/15 MP: 3/3
   196 | D:1      | Gained mutation: You regenerate a little health from kills. [demonic ancestry]
   196 | D:1      | Reached XP level 2. HP: 2/21 MP: 5/5
   504 | D:1      | Learned a level 2 spell: Sticks to Snakes
   635 | D:1      | Reached skill level 3 in Unarmed Combat
  1089 | D:2      | Gained mutation: You have sharp fingernails. [demonic ancestry]
  1089 | D:2      | Reached XP level 3. HP: 15/26 MP: 4/6
  1515 | D:2      | Noticed Robin
  1529 | D:2      | Slain by Robin

Vault maps used:
D:1:      dpeg_arrival_refuge, minmay_pentomino_z2
D:2:      minivault_26, uniq_robin

Skill      XL: |  1  2 |
---------------+-------+-----
Transmutations | 2 |  2.3
Unarmed Combat | 3 |  3.2
Fighting       | |  1.5
Dodging        | |  1.7
Shields        | |  0.3
Spellcasting   | |  2.2

Action                   || total
-------------------------++-------
Melee: Unarmed           ||    58
       Kick              ||     6
       Punch             ||     1
       War axe           ||    16
       Headbutt          ||     4
 Cast: Beastly Appendage ||    10
       Sticks to Snakes  ||     3
  Use: Potion            ||     1
 Stab: Sleeping          ||     2
  Eat: Chunk             ||     1
Armor: Robe              ||    15
Dodge: Dodged            ||    57
Block: Buckler           ||    12

Table legend:
 A = Spawn XP
 B = Non-spawn XP
 C = Spawn XP percentage of total XP
 D = Spawn monster count
 E = Non-spawn monster count
 F = Spawn count percentage of total count
 G = Total turns spent on level
                    A         B        C        D         E        F      G
               +---------+---------+-------+---------+---------+-------+---------
         Total |       0 |      55 |   0.0 |       0 |      30 |   0.0 |  1529
               +---------+---------+-------+---------+---------+-------+---------
           D:1 |       0 |      33 |   0.0 |       0 |      23 |   0.0 |   976
           D:2 |       0 |      22 |   0.0 |       0 |       7 |   0.0 |   553
               +---------+---------+-------+---------+---------+-------+---------
